 Dungeon Crawl Stone Soup version 0.29-a0-90-gc37658a0fe (webtiles) character file.

Game seed: 14273158754409340124

196 enile the Sneak (level 5, -2/55 HPs)
             Began as an Octopode Brigand on Feb 7, 2022.
             Was a Believer of Kikubaaqudgha.
             Succumbed to a water moccasin's poison
             ... in a sewer.
             The game lasted 00:06:36 (3504 turns).

enile the Sneak (Octopode Brigand)                  Turns: 3504, Time: 00:06:36

Health: -2/55      AC: 22    Str: 11    XL:     5   Next: 74%
Magic:  2/5        EV:  2    Int: 13    God:    Kikubaaqudgha [**....]
Gold:   52         SH:  0    Dex: 15    Spells: 3/4 levels left

rFire   + . .      SeeInvis .   a - +2 dagger
rCold   + . .      Faith    .   (no shield)
rNeg    . . .      Spirit   .   (helmet currently unavailable)
rPois   +          Reflect  .   n - amulet of regeneration
rElec   +          Harm     .   f - ring of flight
rCorr   +          Rampage  .   k - ring of resist corrosion
Will    .....      NoTele   +   m - ring of poison resistance
Stlth   +++.......              (no ring)
HPRegen 0.98/turn               (no ring)
MPRegen 0.09/turn               (no ring)
                                (no ring)
                                (no ring)

@: lethally poisoned (-2 -> -8), tree-form (expiring), resistant
A: stationary, stasis, torment immunity, boosted hp, almost no armour,
(amphibious), 8 rings, (camouflage 1), (gelatinous body 1), (nimble swimmer 1),
(tentacles)
a: Renounce Religion, Receive Corpses


You were in a sewer.
You worshipped Kikubaaqudgha.
Kikubaaqudgha was pleased with you.
You were a tree.
You visited 1 branch of the dungeon, and saw 5 of its levels.
You also visited: Sewer.

You collected 63 gold pieces.
You spent 11 gold pieces at shops.

Inventory:

Hand Weapons
 a - a +2 dagger (weapon)
 i - a +0 short sword
Missiles
 b - 2 poisoned darts
 g - 4 javelins (quivered)
Jewellery
 f - a ring of flight (left branch)
 j - an amulet of faith
 k - a ring of resist corrosion (right branch)
 m - a ring of poison resistance (on tentacle)
 n - an amulet of regeneration (around neck)
Scrolls
 d - 2 scrolls of noise
 e - 2 scrolls of teleportation
 r - a scroll of identify
Potions
 l - a potion of lignification
 s - a potion of haste


   Skills:
 + Level 3.9 Fighting
 - Level 2.0 Short Blades
 - Level 2.0 Throwing
 - Level 3.0 Dodging
 - Level 6.0 Stealth
 - Level 2.0 Necromancy


You had 3 spell levels left.
You knew the following spells:

 Your Spells              Type           Power      Damage    Failure   Level
a - Pain                  Necr           20%        1d5       14%         1

Your spell library contained the following spells:

 Spells                   Type           Power      Damage    Failure   Level
 Animate Skeleton         Necr           10%        N/A       14%         1
 Sublimation of Blood     Necr           5%         N/A       21%         2
 Vampiric Draining        Necr           5%         2d6       38%         3


Dungeon Overview and Level Annotations

Branches:
Dungeon (5/15)              Sewer (1/1)
 Temple: D:4-7

Altars:
Kikubaaqudgha

Shops:
D:1 !


Innate Abilities, Weirdness & Mutations

You are a tree.
Your roots penetrate the ground, keeping you stationary.
You cannot be teleported.
You are immune to unholy pain and torment.
Your maximum health is greatly increased.
You cannot wear most types of armour.
((You are amphibious.))
You can wear up to eight rings at the same time.
((Your skin changes colour to match your surroundings (Stealth+).))
((Your rubbery body absorbs attacks. (AC +1, EV +1)))
((You are camouflaged when in or above water. (Stealth+)))
((You have tentacles for arms and can constrict up to eight enemies at once.))


Message History

The water moccasin is lightly wounded.
The water moccasin bites you but does no damage.
You miss the water moccasin.
The water moccasin is lightly wounded.
The water moccasin bites you but does no damage. x2
You hit the water moccasin.
Flame seeps out of the water moccasin.
The water moccasin is moderately wounded.
The water moccasin bites you but does no damage.
You hit the water moccasin but do no damage.
The water moccasin is moderately wounded.
The water moccasin bites you but does no damage.
You closely miss the water moccasin.
The water moccasin is moderately wounded.
The water moccasin bites you but does no damage.
You hit the water moccasin.
Flame seeps out of the water moccasin.
The water moccasin is moderately wounded.
The water moccasin bites you.
* * * LOW HITPOINT WARNING * * *
Kikubaaqudgha delivers you a corpse!
The water moccasin bites you but does no damage. x2
You hit the water moccasin.
Flame seeps out of the water moccasin.
Your punch misses the water moccasin.
The water moccasin is heavily wounded.
The water moccasin bites you but does no damage.
You closely miss the water moccasin.
The water moccasin is heavily wounded.
The water moccasin bites you.
* * * LOW HITPOINT WARNING * * *
You are lethally poisoned!
The water moccasin poisons you!
There is a lethal amount of poison in your body!
You cannot teleport because you are held in place by your roots.
Throw: 5 javelins
Press: ? - help, Q - select action, (/) - cycle Shift-Dir - straight line, f/p - water moccasin
Aim: a water moccasin (blue smoke, heavily wounded, inner flame, 42% to hit)
You throw a javelin.
The javelin barely misses the water moccasin.
Your transformation is almost over.
You die...
Kikubaaqudgha rasps: "You have failed me!
Welcome... death!"

##...## ##.## #.#
#.# ### #.# ....
#.# ..... #.#
$....§####.#######
:.((.§S♣§§§......∩
$...§.############
....§ .... ###


You could see a water moccasin (inner flame).

Vanquished Creatures
  A hound (D:4)
  An iguana (D:3)
  A hound skeleton (D:4)
  5 adders
  An ufetubus (D:4)
  3 worms
  A dart slug (D:1)
  4 orcs
  5 endoplasms
  6 giant cockroaches
  6 goblins
  5 hobgoblins
  4 kobolds
  6 ball pythons
  10 bats
  5 frilled lizards
  A rat (D:2)
65 creatures vanquished.

Notes
Turn   | Place    | Note
-------+----------+-------------------------------------------
     0 | D:1      | enile the Octopode Brigand began the quest for the Orb.
     0 | D:1      | Reached XP level 1. HP: 14/14 MP: 1/1
   229 | D:1      | Reached XP level 2. HP: 19/20 MP: 2/2
   287 | D:1      | Found Huyse's Distillery.
   292 | D:1      | Bought a potion of degeneration for 11 gold pieces
   984 | D:2      | Found a faded altar of an unknown god.
   991 | D:2      | Reached XP level 3. HP: 26/26 MP: 3/3
   996 | D:2      | Prayed at the altar of an unknown god.
   996 | D:2      | Became a worshipper of Kikubaaqudgha
   996 | D:2      | Reached * piety under Kikubaaqudgha
   996 | D:2      | Received a gift from Kikubaaqudgha
  1010 | D:2      | Identified the +3 chain mail of Prudence {rPois}
  1125 | D:2      | Learned a level 1 spell: Pain
  1714 | D:2      | Reached skill level 6 in Stealth
  1773 | D:2      | Reached XP level 4. HP: 31/31 MP: 4/4
  2106 | D:3      | Reached skill level 1 in Necromancy
  2256 | D:3      | HP: 1/31 [orc (2)]
  2587 | D:3      | Reached ** piety under Kikubaaqudgha
  2881 | D:3      | Reached XP level 5. HP: 13/36 MP: 5/5
  3408 | D:5      | Entered Level 5 of the Dungeon
  3431 | D:5      | Found a glowing drain.
  3440 | Sewer    | Entered a sewer
  3468 | Sewer    | Noticed a water moccasin
  3488 | Sewer    | HP: 2/55 [poisoned by a water moccasin]
  3503 | Sewer    | HP: 2/55 [water moccasin (5)]
  3504 | Sewer    | Succumbed to a water moccasin's poison

Illustrated notes

Levels and vault maps discovered:
D:1:      dpeg_arrival_signposts, layout_basic, serial_shops, shop_statue
D:2:      layout_loops_ring, chequers_ecumenical_altar_simple_redux
D:3:      layout_rooms, minivault_26, hex_intersection, corexii_corridor_pit
D:4:      cheibrodos_fertilizer, layout_layer_cave
D:5:      layout_loops_corners, led_sif_book, mainiacjoe_overflow_boulevard,
          portal_sewer_entry_d
Sewer:    sewer_big_baddie

Skill      XL: |  1  2  3  4  5 |
---------------+----------------+-----
Fighting       | 3 |  3.9
Dodging        | 2 3 |  3.0
Stealth        | 6 |  6.0
Necromancy     | 2 |  2.0
Short Blades   | |  2.0
Throwing       | |  2.0

Action                   |  1- 3 |  4- 6 || total
-------------------------+-------+-------++-------
Melee: Dagger            |    50 |    89 ||   139
       Constrict         |    12 |    19 ||    31
       Tentacles         |    14 |    23 ||    37
       Punch             |       |     2 ||     2
Throw: Dart              |     4 |    15 ||    19
       Javelin           |       |     1 ||     1
 Cast: Pain              |     9 |     6 ||    15
Invok: Receive Corpses   |       |     1 ||     1
  Use: Potion            |       |     4 ||     4
       Scroll            |       |     5 ||     5
 Stab: Sleeping          |    12 |     4 ||    16
Armor: Skin              |       |    37 ||    37
Dodge: Dodged            |    16 |    60 ||    76

Table legend: (Time is in decaauts)
 A = Elapsed time spent in this place.
 B = Non-inter-level travel time spent in this place.
 C = Inter-level travel time spent in this place.
 D = Time resting spent in this place.
 E = Time spent auto-exploring this place.
 F = Levels seen in this place.
 G = Mean time per level.
                   A        B        C        D        E       F      G
               +--------+--------+--------+--------+--------+-----+--------+
         Total |   3470 |   3383 |     87 |    492 |   2301 |   6 |  578.3 |
       Dungeon |   3409 |   3322 |     87 |    492 |   2292 |   5 |  681.8 |
         Sewer |     60 |     60 |      0 |      0 |      9 |   1 |   60.0 |
               +--------+--------+--------+--------+--------+-----+--------+

Top non-repeatable levels by time:
     D:1: 1159 daAuts
     D:3: 1051 daAuts
     D:2: 983 daAuts
     D:4: 183 daAuts
   Sewer: 60 daAuts
     D:5: 31 daAuts
